 Dungeon Sprint DCSS version 0.31-a0-750-gfe7b580527 (webtiles) character file.

Game seed: 1506452881173176499

2077 rocky1 the Grappler (level 9, -10/127 HPs)
             Began as a Troll Shapeshifter on Sept 15, 2023.
             Was an Initiate of Gozag.
             Killed from afar by an efreet (17 damage)
             ... with a bolt of fire
             ... in the Dungeon (Sprint IX: "|||||||||||||||||||||||||||||").
             The game lasted 00:01:23 (300 turns).

rocky1 the Grappler (Troll Shapeshifter)             Turns: 300, Time: 00:01:23

Health: -10/127    AC:  6    Str: 28    XL:     9   Next: 6%
Magic:  8/8        EV: 11    Int:  9    God:    Gozag
Gold:   603        SH:  0    Dex:  9    Spells: 8/8 levels left

rFire   . .          .
                       - Unarmed
rCold   . . .        (no shield)
rNeg    . . .        a - +0 animal skin
rPois   .            (helmet currently unavailable)
rElec   .            (cloak currently unavailable)
rCorr   .            (gloves unavailable)
SInv    .            (boots unavailable)
Will    .....        (no amulet) Stlth
                     n - +2 ring of protection
HPRegen 1.21/turn    o - +3 ring of intelligence
MPRegen 0.11/turn

%: no teleportation
@: berserking, beast-form, gold aura, very quick
A: beast (slay +4), large, unfitting armour, claws 3, regeneration 1, shaggy fur
1, tough skin 1
a: Begin Untransformation, Renounce Religion, Potion Petition, Call Merchant,
Bribe Branch


You were in the Dungeon.
You worshipped Gozag.
Gozag was pleased with you.
You were a hulking beast.
You visited 1 branch You collected 603 gold pieces.

Inventory:

Armour
 a - a +0 animal skin (worn)
Jewellery
 n - a +2 ring of protection (left claw)
 o - a +3 ring of intelligence (right claw)
Talismans
 c - a beast talisman (active)
 d - a flux talisman
Wands
 m - a wand of roots (10)
Scrolls
 j - 2 scrolls of blinking
 l - 2 scrolls of amnesia
Potions
 b - a potion of lignification
 e - 5 potions of curing
 f - a potion of heal wounds
 g - a potion of haste
 h - 4 potions of magic
 k - a potion of invisibility


   Skills:
 * Level 4.4 Fighting
 * Level 5.6 Dodging
 * Level 14.2 Unarmed Combat
 * Level 11.8 Shapeshifting


You had 8 spell levels left.
You didn't know any spells.
Your spell library was empty.

Dungeon Overview and Level Annotations

Branches:
Dungeon (1/1)

Altars:
Cheibriados
Dithmenos
Elyvilon
Fedhas
Gozag
Hepliaklqana
Kikubaaqudgha
Makhleb
Nemelex Xobeh
Okawaru
Qazlal
Ru
Sif Muna
Trog
Uskayaw
Vehumet
Wu Jian
Xom
Yredelemnul
Zin
The Shining One
Jiyva
Lugonu


Innate Abilities, Weirdness & Mutations

You are a hulking beast.
Your limbs bulge with bestial killing power. (Slay +4)
You are too large for most types of armour.
You have claws for hands.
Your natural rate of healing is unusually fast.
You are covered in fur. (AC +1)
You have tough skin. (AC +1)


Message History

You closely miss the acid dragon. The acid dragon bites you!
The acid dragon completely misses you.
You mangle the acid dragon!! Your claw misses the acid dragon.
The acid dragon is almost dead.
The acid dragon bites you but does no damage.
The acid dragon barely misses you.
A red film seems to cover your vision as you go berserk!
You feel yourself moving faster!
You feel mighty! The acid dragon spits acid at you.
The splash of acid hits you!!
* * * LOW HITPOINT WARNING * * *
You claw the acid dragon!
You kill the acid dragon!
The spriggan is distracted by your dazzling golden aura.
The troll bites you!
* * * LOW HITPOINT WARNING * * *
The troll claws you but does no damage. x2
There is an open door, spattered with blood here.
You see here 306 gold pieces.
You closely miss the troll.
The spriggan is no longer distracted by gold.
The troll bites you!
* * * LOW HITPOINT WARNING * * *
The troll claws you but does no damage. The troll barely misses you.
You mangle the troll!! Your claw misses the troll.
The troll is severely wounded.
You mangle the troll!!
You kill the troll!
Your Unarmed Combat skill increases to level 14!
You have reached level 9!
Your experience leads to an increase in your attributes!
Your base attributes are Str 25, Int 6, Dex 9.
Increase (S)trength, (I)ntelligence, or (D)exterity?
You feel stronger. x3
Unknown command.
The spriggan changes into a blink frog!
The efreet gestures at you. The bolt of fire hits you!
You die...
Your body crumbles into a pile of gold. ▓▓▓▓▓▓▓▓▓▓▓▓▓▓▓▓▓▓▓▓▓▓▓ +...FRh$.$....)..[[[.). ▓▓▓▓▓▓▓▓▓▓▓▓▓▓▓▓▓▓▓▓▓▓▓

You could see an efreet and a blink frog shaped shifter.

Vanquished Creatures
  A deep elf pyromancer (D)
  A manticore (D)
  A troll (D)
  2 yaks (D)
  A wraith (D)
  A wyvern (D)
  2 acid dragons (D)
  An orc warrior (D)
  A centaur (D)
  A gnoll bouda (D)
  2 hounds (D)
  An ufetubus (D)
  An endoplasm (D)
  A giant cockroach (D)
  2 goblins (D)
  A rat (D)
20 creatures vanquished.

Notes
Turn   | Place    | Note
-------+----------+-------------------------------------------
     0 | D        | rocky1 the Troll Shapeshifter began the quest for the Orb.
     0 | D        | Reached XP level 1. HP: 18/18 MP: 0/0
    21 | D        | Noticed a gnoll bouda
    21 | D        | Noticed a centaur
    21 | D        | Noticed a hound
    21 | D        | Noticed a hound
    25 | D        | Killed a hound
    26 | D        | Reached skill level 4 in Unarmed Combat
    26 | D        | Reached skill level 5 in Shapeshifting
    26 | D        | Reached XP level 2. HP: 25/26 MP: 1/1
    26 | D        | Reached XP level 3. HP: 31/32 MP: 2/2
    29 | D        | Reached skill level 5 in Unarmed Combat
    31 | D        | Killed a centaur
    32 | D        | Reached skill level 1 in Fighting
    32 | D        | Reached skill level 7 in Unarmed Combat
    32 | D        | Reached XP level 4. HP: 37/41 MP: 3/3
    32 | D        | Reached XP level 5. HP: 43/48 MP: 4/4
   162 | D        | Found a snail-covered altar of Cheibriados.
   162 | D        | Found a shadowy altar of Dithmenos.
   162 | D        | Found a white marble altar of Elyvilon.
   162 | D        | Found a blossoming altar of Fedhas.
   162 | D        | Found an opulent altar of Gozag.
   163 | D        | Found a hazy altar of Hepliaklqana.
   164 | D        | Found a viscous altar of Jiyva.
   165 | D        | Found an ancient bone altar of Kikubaaqudgha.
   166 | D        | Found a corrupted altar of Lugonu.
   167 | D        | Found a burning altar of Makhleb.
   168 | D        | Found a sparkling altar of Nemelex Xobeh.
   169 | D        | Found an iron altar of Okawaru.
   170 | D        | Found a stormy altar of Qazlal.
   172 | D        | Became a worshipper of Gozag Ym Sagoz the Greedy
   174 | D        | Found a sacrificial altar of Ru.
   175 | D        | Found a shimmering blue altar of Sif Muna.
   176 | D        | Found a bloodstained altar of Trog.
   177 | D        | Found a hide-covered altar of Uskayaw.
   178 | D        | Found a radiant altar of Vehumet.
   179 | D        | Found an ornate altar of the Wu Jian Council.
   180 | D        | Found a shimmering altar of Xom.
   181 | D        | Found a basalt altar of Yredelemnul.
   182 | D        | Found a glowing silver altar of Zin.
   183 | D        | Found a glowing golden altar of the Shining One.
   209 | D        | Noticed an acid dragon
   209 | D        | Noticed a wyvern
   209 | D        | Noticed a wraith
   209 | D        | Noticed a yak
   209 | D        | Noticed a yak
   209 | D        | Noticed an orc warrior
   213 | D        | Killed an orc warrior
   214 | D        | Reached skill level 8 in Unarmed Combat
   214 | D        | Reached XP level 6. HP: 53/55 MP: 5/5
   217 | D        | Killed a yak
   218 | D        | Reached skill level 9 in Unarmed Combat
   220 | D        | Killed a yak
   221 | D        | Reached skill level 10 in Unarmed Combat
   221 | D        | Reached XP level 7. HP: 64/66 MP: 6/6
   232 | D        | Killed a wraith
   233 | D        | Reached skill level 11 in Unarmed Combat
   233 | D        | Reached skill level 10 in Shapeshifting
   235 | D        | Killed a wyvern
   275 | D        | Noticed a spriggan
   275 | D        | Noticed an efreet
   275 | D        | Noticed a deep elf pyromancer
   275 | D        | Noticed a troll
   275 | D        | Noticed a manticore
   286 | D        | Killed a deep elf pyromancer
   287 | D        | Reached skill level 5 in Dodging
   287 | D        | Reached skill level 12 in Unarmed Combat
   287 | D        | Reached XP level 8. HP: 23/78 MP: 7/7
   290 | D        | Killed a manticore
   291 | D        | Reached skill level 13 in Unarmed Combat
   297 | D        | HP: 5/117 [troll (10)]
   299 | D        | Killed a troll
   300 | D        | Reached skill level 14 in Unarmed Combat
   300 | D        | Reached XP level 9. HP: 6/85 MP: 8/8
   300 | D        | Killed from afar by an efreet

Illustrated notes

Levels and vault maps discovered:
D:        linesprint [early_d, line_temple, items_1, d_10, items_2, lair_1,
          lair_end, items_3, orc_1, orc_end, items_4, d_15, swamp_1, shoals_1,
          snake_1, spider_1, d_20, vaults_1, items_5, swamp_end, shoals_end,
          snake_end, spider_end, vaults_end, d_27, items_6, zot_1, zot_end,
          crypt_end, forest_end, elf_end, slime_end, tomb_end, abyss_end,
          pan_hell_end]

Skill      XL: |  1  2  3  4  5  6  7  8 |
---------------+-------------------------+-----
Dodging        | 2 3 4 5 |  5.6
Unarmed Combat | 4 7 8 10 12 14 | 14.2
Shapeshifting  | 5 7 8 9 11 | 11.8
Fighting       | 1 2 3 4 |  4.4

Action                     |  1- 3 |  4- 6 |  7- 9 || total
---------------------------+-------+-------+-------++-------
  Melee: Unarmed           |    20 |    21 |    34 ||    75
         Punch             |     1 |       |     1 ||     2
    Use: Potion            |       |       |     3 ||     3
 Armour: Animal skin       |    12 |    12 |    39 ||    63
  Dodge: Dodged            |     8 |    13 |    28 ||    49

Table legend: (Time is in decaauts)
 A = Elapsed time spent in this place.
 B = Non-inter-level travel time spent in this place.
 C = Inter-level travel time spent in this place.
 D = Time resting spent in this place.
 E = Time spent auto-exploring this place.
 F = Levels seen in this place.
 G = Mean time per level.
                   A        B        C        D        E       F      G
               +--------+--------+--------+--------+--------+-----+--------+
         Total |    298 |    298 |      0 |    144 |      0 |   1 |  298.0 |
       Dungeon |    298 |    298 |      0 |    144 |      0 |   1 |  298.0 |
               +--------+--------+--------+--------+--------+-----+--------+

Top non-repeatable levels by time:
       D: 298 daAuts
